General information
- name: BNet
- type: Ladder team game (AT/RT)
- host: Battle.net
- saver: KINGDJMONKEY
map: Cherryville
- players: 8
- length: 109:01
- speed: Fast
- version: 1.26 W3XP
- replay type: Public
» download(449 KB)
Players
team 1 (loser)

»
apasttime (
teal | 36 APM | 3892 actions | 109:01)
10 Far Seer
3 Feral Spirit
3 Chain Lighting
1 Earth Quake
3 Far Sight
» actions
| Assign group hotkey | 89 | |
| Basic commands | 4 | |
| Build / train | 193 | |
| ESC pressed | 2 | |
| Enter build submenu | 36 | |
| Enter hero's abilities submenu | 10 | |
| Give item / drop item | 2 | |
| Right click | 1774 | |
| Select / deselect | 739 | |
| Select group hotkey | 763 | |
| Use ability | 279 | |
3892 total
» units
| Peon | 62 | |
| Grunt | 10 | |
| Wind Rider | 20 | |
| Raider | 18 | |
| Troll Batrider | 8 | |
118 total
» upgrades
| Envenomed Spears | 1 | |
| Ranged Weapons | 2 | |
| Ensnare | 1 | |
| Reinforced Defenses | 1 | |
| Liquid Fire | 1 | |
| Pillage | 1 | |
| Armor | 1 | |
8 total
» buildings
| Orc Burrow | 11 | |
| Altar of Storms | 1 | |
| Barracks | 1 | |
| Voodoo Lounge | 2 | |
| War Mill | 1 | |
| Stronghold | 3 | |
| Watch Tower | 13 | |
| Great Hall | 2 | |
| Beastiary | 3 | |
| Fortress | 2 | |
39 total
» build order
00:10 Orc Burrow
00:13 Altar of Storms
00:22 Barracks
01:37 Orc Burrow
03:48 Voodoo Lounge
03:52 Orc Burrow
04:05 War Mill
04:26 Stronghold
04:26 Stronghold
05:32 Watch Tower
05:40 Great Hall
06:55 Watch Tower
07:04 Beastiary
07:07 Beastiary
08:18 Orc Burrow
08:32 Orc Burrow
08:37 Fortress
08:37 Fortress
09:00 Beastiary
14:27 Watch Tower
21:18 Orc Burrow
23:00 Orc Burrow
25:34 Watch Tower
25:35 Watch Tower
25:42 Watch Tower
27:37 Watch Tower
27:39 Watch Tower
27:41 Watch Tower
27:56 Watch Tower
29:21 Watch Tower
29:29 Watch Tower
33:59 Orc Burrow
34:01 Orc Burrow
34:03 Orc Burrow
34:24 Watch Tower
34:50 Orc Burrow
44:47 Great Hall
45:58 Voodoo Lounge
» items
| Lesser Clarity Potion | 7 | |
| Scroll of Speed | 1 | |
| Healing Salve | 6 | |
| Potion of Lesser Invulnerability | 1 | |
| Scroll of Town Portal | 4 | |
| Staff of Teleportation | 1 | |
| Potion of Healing | 2 | |
22 total
i-kill-orange (
purple | 23 APM | 2524 actions | 109:01)
8 Demon Hunter
3 Immolation
3 Mana Burn
1 Metamorphosis
1 Evasion
» actions
| Basic commands | 27 | |
| Build / train | 118 | |
| Enter build submenu | 25 | |
| Enter hero's abilities submenu | 9 | |
| Give item / drop item | 3 | |
| Remove unit from queue | 19 | |
| Right click | 1656 | |
| Select / deselect | 575 | |
| Use ability | 92 | |
2524 total
» units
| Wisp | 17 | |
| Chimaera | 9 | |
| Hippogryph | 36 | |
62 total
» upgrades
| Reinforced Hides | 3 | |
| Strength of the Wild | 3 | |
| Corrosive Breath | 1 | |
| Moon Armor | 1 | |
| Well Spring | 1 | |
9 total
» buildings
| Altar of Elders | 1 | |
| Moon Well | 8 | |
| Tree of Ages | 5 | |
| Hunter's Hall | 1 | |
| Tree of Eternity | 4 | |
| Ancient of Wind | 3 | |
| Chimaera Roost | 2 | |
| Tree of Life | 6 | |
30 total
» build order
00:22 Altar of Elders
00:24 Moon Well
02:00 Tree of Ages
02:00 Tree of Ages
02:00 Tree of Ages
02:24 Moon Well
02:30 Hunter's Hall
03:23 Moon Well
04:21 Tree of Eternity
04:21 Tree of Eternity
04:22 Tree of Eternity
04:22 Tree of Eternity
04:52 Ancient of Wind
06:54 Chimaera Roost
06:56 Chimaera Roost
07:19 Tree of Life
07:36 Moon Well
08:30 Moon Well
13:11 Moon Well
15:46 Moon Well
17:57 Moon Well
20:15 Tree of Life
21:26 Tree of Life
29:58 Tree of Ages
30:25 Tree of Life
31:29 Tree of Life
34:35 Ancient of Wind
34:37 Ancient of Wind
34:56 Tree of Life
» items
| Healing Salve | 2 | |
| Scroll of Town Portal | 3 | |
| Boots of Speed | 1 | |
6 total

»
pen1softhenorth (
yellow | 26 APM | 2783 actions | 108:43)
9 Pandaren Brewmaster
3 Breath of Fire
3 Drunken Brawler
1 Storm Earth and Fire
2 Drunken Haze
» actions
| Assign group hotkey | 104 | |
| Basic commands | 153 | |
| Build / train | 123 | |
| ESC pressed | 13 | |
| Enter build submenu | 39 | |
| Enter hero's abilities submenu | 9 | |
| Give item / drop item | 4 | |
| Right click | 1121 | |
| Select / deselect | 413 | |
| Select group hotkey | 648 | |
| Use ability | 156 | |
2783 total
» units
| Wisp | 52 | |
| Archer | 6 | |
| Hippogryph | 19 | |
| Chimaera | 8 | |
85 total
» upgrades
| Nature's Blessing | 1 | |
| Improved Bows | 1 | |
| Ultravision | 1 | |
| Strength of the Wild | 3 | |
| Reinforced Hides | 3 | |
| Well Spring | 3 | |
| Corrosive Breath | 1 | |
13 total
» buildings
| Moon Well | 9 | |
| Altar of Elders | 1 | |
| Ancient of Wonders | 1 | |
| Ancient of War | 1 | |
| Tree of Ages | 2 | |
| Hunter's Hall | 1 | |
| Tree of Life | 4 | |
| Ancient of Wind | 4 | |
| Ancient Protector | 10 | |
| Tree of Eternity | 1 | |
| Chimaera Roost | 3 | |
37 total
» build order
00:22 Moon Well
00:44 Altar of Elders
01:15 Moon Well
01:24 Ancient of Wonders
01:46 Moon Well
02:18 Ancient of War
02:34 Moon Well
02:37 Moon Well
03:19 Tree of Ages
04:56 Hunter's Hall
05:21 Tree of Life
05:48 Ancient of Wind
06:23 Ancient Protector
06:24 Ancient Protector
06:29 Ancient Protector
07:44 Tree of Eternity
09:48 Ancient Protector
09:50 Ancient Protector
12:50 Ancient of Wind
12:53 Ancient of Wind
12:54 Ancient of Wind
14:17 Moon Well
15:53 Chimaera Roost
15:55 Chimaera Roost
15:59 Chimaera Roost
17:50 Tree of Life
20:19 Ancient Protector
20:48 Moon Well
21:14 Tree of Ages
23:25 Moon Well
23:27 Moon Well
25:46 Ancient Protector
25:47 Ancient Protector
26:49 Ancient Protector
26:58 Ancient Protector
29:57 Tree of Life
30:09 Tree of Life
» items
| Lesser Clarity Potion | 1 | |
| Staff of Preservation | 1 | |
| Potion of Healing | 3 | |
| Moonstone | 1 | |
| Staff of Teleportation | 1 | |
| Orb of Lightning | 1 | |
| Anti-magic Potion | 2 | |
| Scroll of Town Portal | 2 | |
12 total
KINGDJMONKEY (
green | 54 APM | 5899 actions | 109:01)
10 Blademaster
3 Wind Walk
3 Critical Strike
1 Bladestorm
3 Mirror Image
» actions
| Assign group hotkey | 733 | |
| Basic commands | 258 | |
| Build / train | 87 | |
| Enter build submenu | 74 | |
| Enter hero's abilities submenu | 10 | |
| Give item / drop item | 10 | |
| Remove unit from queue | 3 | |
| Right click | 2372 | |
| Select / deselect | 640 | |
| Select group hotkey | 1184 | |
| Use ability | 528 | |
5899 total
» units
| Peon | 12 | |
| Grunt | 4 | |
| Goblin Shredder | 2 | |
| Wind Rider | 12 | |
| Goblin Sapper | 6 | |
| Troll Batrider | 7 | |
43 total
» upgrades
| Ranged Weapons | 3 | |
| Armor | 3 | |
| Troll Regeneration | 1 | |
| Liquid Fire | 1 | |
| Envenomed Spears | 1 | |
| Reinforced Defenses | 1 | |
| Spiked Barricades | 2 | |
| Burning Oil | 1 | |
| Ensnare | 1 | |
14 total
» buildings
| Orc Burrow | 7 | |
| Altar of Storms | 1 | |
| Barracks | 1 | |
| Voodoo Lounge | 1 | |
| Stronghold | 1 | |
| Great Hall | 4 | |
| War Mill | 2 | |
| Beastiary | 10 | |
| Watch Tower | 80 | |
| Fortress | 1 | |
108 total
» build order
00:16 Orc Burrow
00:36 Altar of Storms
00:52 Barracks
01:22 Orc Burrow
01:54 Voodoo Lounge
02:56 Stronghold
04:40 Great Hall
04:44 Orc Burrow
04:49 War Mill
05:22 Beastiary
06:28 Beastiary
06:30 Beastiary
06:34 Watch Tower
06:35 Watch Tower
07:08 Orc Burrow
09:50 Watch Tower
11:01 Fortress
11:04 Orc Burrow
11:20 Watch Tower
11:20 Watch Tower
11:21 Watch Tower
11:21 Watch Tower
11:22 Watch Tower
11:22 Watch Tower
13:10 Watch Tower
13:12 Watch Tower
14:36 Beastiary
14:38 Beastiary
14:44 War Mill
14:46 Watch Tower
14:46 Watch Tower
14:48 Watch Tower
16:51 Watch Tower
16:51 Watch Tower
16:51 Watch Tower
16:52 Watch Tower
16:53 Watch Tower
16:53 Watch Tower
18:27 Orc Burrow
21:13 Watch Tower
21:14 Watch Tower
21:14 Watch Tower
21:14 Watch Tower
21:15 Watch Tower
21:16 Watch Tower
21:16 Watch Tower
21:18 Watch Tower
23:01 Watch Tower
23:02 Watch Tower
23:02 Watch Tower
23:02 Watch Tower
23:03 Watch Tower
23:36 Great Hall
23:40 Watch Tower
23:40 Watch Tower
23:42 Watch Tower
23:43 Watch Tower
23:43 Watch Tower
23:44 Watch Tower
23:46 Watch Tower
25:39 Beastiary
25:39 Beastiary
26:23 Orc Burrow
27:32 Beastiary
27:34 Beastiary
27:42 Beastiary
29:48 Great Hall
40:10 Watch Tower
40:11 Watch Tower
40:11 Watch Tower
40:14 Great Hall
40:22 Watch Tower
40:24 Watch Tower
40:26 Watch Tower
42:01 Watch Tower
42:03 Watch Tower
42:05 Watch Tower
95:20 Watch Tower
95:22 Watch Tower
95:22 Watch Tower
95:23 Watch Tower
95:23 Watch Tower
95:23 Watch Tower
95:24 Watch Tower
95:24 Watch Tower
95:25 Watch Tower
95:25 Watch Tower
95:26 Watch Tower
95:26 Watch Tower
95:27 Watch Tower
95:27 Watch Tower
95:28 Watch Tower
95:29 Watch Tower
95:30 Watch Tower
95:30 Watch Tower
95:30 Watch Tower
95:31 Watch Tower
95:31 Watch Tower
95:32 Watch Tower
95:33 Watch Tower
95:33 Watch Tower
95:35 Watch Tower
95:35 Watch Tower
102:17 Watch Tower
102:24 Watch Tower
» items
| Healing Salve | 2 | |
| Boots of Speed | 1 | |
| Staff of Teleportation | 1 | |
| Lesser Clarity Potion | 1 | |
| Orb of Lightning | 1 | |
| Potion of Healing | 1 | |
| Scroll of Town Portal | 4 | |
| Anti-magic Potion | 1 | |
12 total
team 2 (winner)

»
PapaSmurfEatU (
red | 34 APM | 835 actions | 24:45)
5 Blademaster
2 Wind Walk
3 Critical Strike
2 Shadow Hunter
1 Healing Wave
1 Serpent Ward
» actions
| Assign group hotkey | 23 | |
| Build / train | 60 | |
| Enter build submenu | 17 | |
| Enter hero's abilities submenu | 7 | |
| Remove unit from queue | 1 | |
| Right click | 270 | |
| Select / deselect | 182 | |
| Select group hotkey | 221 | |
| Use ability | 54 | |
835 total
» units
| Peon | 8 | |
| Grunt | 5 | |
| Wind Rider | 3 | |
| Troll Batrider | 25 | |
41 total
» upgrades
| Shaman Training | 1 | |
| Ranged Weapons | 1 | |
| Armor | 1 | |
3 total
» buildings
| Orc Burrow | 7 | |
| Altar of Storms | 1 | |
| Barracks | 1 | |
| Stronghold | 1 | |
| War Mill | 1 | |
| Voodoo Lounge | 3 | |
| Spirit Lodge | 1 | |
| Beastiary | 2 | |
17 total
» build order
00:16 Orc Burrow
00:18 Altar of Storms
00:45 Barracks
01:35 Orc Burrow
02:44 Orc Burrow
03:51 Stronghold
04:22 War Mill
05:36 Voodoo Lounge
05:41 Voodoo Lounge
05:51 Voodoo Lounge
06:53 Spirit Lodge
07:10 Beastiary
07:37 Beastiary
08:31 Orc Burrow
08:38 Orc Burrow
09:36 Orc Burrow
10:33 Orc Burrow
» items
| Healing Salve | 1 | |
| Potion of Healing | 2 | |
| Potion of Mana | 1 | |
4 total

»
redrocket489 (
blue | 43 APM | 1204 actions | 28:15)
5 Death Knight
3 Death Coil
2 Unholy Aura
3 Dreadlord
2 Vampiric Aura
1 Carrion Swarm
» actions
| Assign group hotkey | 29 | |
| Basic commands | 5 | |
| Build / train | 75 | |
| Enter build submenu | 25 | |
| Enter hero's abilities submenu | 9 | |
| Give item / drop item | 1 | |
| Remove unit from queue | 1 | |
| Right click | 507 | |
| Select / deselect | 291 | |
| Select group hotkey | 215 | |
| Use ability | 46 | |
1204 total
» units
| Acolyte | 21 | |
| Ghoul | 6 | |
| Crypt Fiend | 16 | |
| Frost Wyrm | 6 | |
49 total
» upgrades
| Creature Attack | 3 | |
| Creature Carapace | 2 | |
| Web | 1 | |
| Freezing Breath | 1 | |
7 total
» buildings
| Altar of Darkness | 1 | |
| Crypt | 2 | |
| Ziggurat | 11 | |
| Graveyard | 2 | |
| Halls of the Dead | 1 | |
| Tomb of Relics | 1 | |
| Sacrificial Pit | 1 | |
| Black Citadel | 1 | |
| Spirit Tower | 4 | |
| Slaughterhouse | 1 | |
| Boneyard | 2 | |
27 total
» build order
00:06 Altar of Darkness
00:10 Crypt
00:13 Ziggurat
01:05 Ziggurat
01:42 Graveyard
02:55 Graveyard
03:00 Halls of the Dead
03:38 Tomb of Relics
04:33 Ziggurat
04:44 Ziggurat
08:52 Sacrificial Pit
09:03 Ziggurat
09:13 Ziggurat
09:15 Ziggurat
09:17 Ziggurat
10:01 Black Citadel
10:05 Spirit Tower
10:09 Spirit Tower
10:39 Spirit Tower
11:08 Crypt
14:43 Slaughterhouse
16:53 Boneyard
16:56 Boneyard
17:02 Ziggurat
18:00 Ziggurat
18:03 Ziggurat
18:06 Spirit Tower
» items
Miser (
pink | 54 APM | 5930 actions | 109:01)
10 Blood Mage
3 Flame Strike
3 Siphon Mana
1 Summon Phoenix
3 Banish
» actions
| Assign group hotkey | 105 | |
| Basic commands | 121 | |
| Build / train | 280 | |
| ESC pressed | 5 | |
| Enter build submenu | 108 | |
| Enter hero's abilities submenu | 10 | |
| Give item / drop item | 28 | |
| Remove unit from queue | 1 | |
| Right click | 2895 | |
| Select / deselect | 835 | |
| Select group hotkey | 1078 | |
| Use ability | 464 | |
5930 total
» units
| Peasant | 19 | |
| Footman | 12 | |
| Goblin Shredder | 3 | |
| Dragonhawk Rider | 9 | |
| Sorceress | 5 | |
| Gryphon Rider | 7 | |
| Siege Engine | 2 | |
| Goblin Sapper | 7 | |
64 total
» upgrades
| Masonry | 3 | |
| Defend | 1 | |
| Lumber Harvesting | 2 | |
| Swords | 3 | |
| Armor | 3 | |
| Animal War Training | 1 | |
| Sorceress Training | 2 | |
| Magic Sentry | 1 | |
| Cloud | 1 | |
| Storm Hammers | 1 | |
| Plating | 3 | |
| Long Rifles | 1 | |
| Backpack | 1 | |
| Priest Training | 2 | |
| Control Magic | 1 | |
| Spiked Barricades | 4 | |
| Gunpowder | 3 | |
| Reinforced Defenses | 1 | |
| Barrage | 1 | |
| Fragmentation Shards | 1 | |
| Flare | 1 | |
| Flak Cannons | 1 | |
| Flying Machine Bombs | 1 | |
39 total
» buildings
| Altar of Kings | 2 | |
| Barracks | 1 | |
| Farm | 9 | |
| Lumber Mill | 2 | |
| Arcane Vault | 1 | |
| Town Hall | 2 | |
| Scout Tower | 45 | |
| Arcane Tower | 22 | |
| Keep | 3 | |
| Guard Tower | 57 | |
| Blacksmith | 2 | |
| Arcane Sanctum | 2 | |
| Castle | 2 | |
| Gryphon Aviary | 4 | |
| Watch Tower | 12 | |
| Fortress | 4 | |
| Workshop | 2 | |
| Great Hall | 5 | |
| War Mill | 1 | |
| Altar of Storms | 1 | |
| Orc Burrow | 1 | |
180 total
» build order
00:03 Altar of Kings
00:07 Barracks
00:10 Farm
01:38 Farm
01:49 Lumber Mill
01:56 Arcane Vault
02:27 Farm
04:01 Town Hall
04:15 Farm
04:47 Scout Tower
05:40 Arcane Tower
05:40 Arcane Tower
06:34 Keep
06:34 Keep
06:55 Scout Tower
06:56 Scout Tower
06:57 Scout Tower
06:59 Scout Tower
07:00 Scout Tower
07:04 Scout Tower
07:30 Guard Tower
07:31 Guard Tower
07:31 Guard Tower
07:32 Guard Tower
07:46 Scout Tower
07:47 Scout Tower
07:52 Scout Tower
07:57 Scout Tower
08:07 Blacksmith
08:11 Blacksmith
08:25 Guard Tower
08:25 Guard Tower
08:26 Guard Tower
08:26 Guard Tower
08:37 Guard Tower
09:55 Arcane Sanctum
10:12 Castle
10:12 Castle
10:54 Scout Tower
10:56 Scout Tower
11:24 Guard Tower
11:24 Guard Tower
12:33 Gryphon Aviary
12:34 Gryphon Aviary
13:07 Scout Tower
13:40 Guard Tower
13:40 Guard Tower
13:41 Scout Tower
13:43 Scout Tower
14:39 Guard Tower
14:39 Guard Tower
15:41 Arcane Sanctum
16:34 Farm
17:51 Scout Tower
17:55 Scout Tower
18:00 Scout Tower
18:13 Gryphon Aviary
18:17 Gryphon Aviary
18:21 Guard Tower
18:21 Guard Tower
18:23 Guard Tower
18:23 Guard Tower
18:29 Guard Tower
18:30 Guard Tower
18:30 Guard Tower
24:20 Scout Tower
24:21 Scout Tower
24:22 Scout Tower
25:09 Town Hall
25:11 Scout Tower
25:13 Scout Tower
25:17 Scout Tower
25:19 Scout Tower
26:38 Guard Tower
29:12 Scout Tower
29:13 Scout Tower
29:15 Scout Tower
29:16 Scout Tower
29:19 Scout Tower
29:21 Scout Tower
29:31 Farm
29:33 Farm
29:34 Farm
29:38 Farm
29:55 Watch Tower
29:57 Watch Tower
30:00 Watch Tower
30:02 Watch Tower
31:53 Guard Tower
31:53 Guard Tower
31:53 Guard Tower
31:54 Guard Tower
34:38 Fortress
34:38 Fortress
34:38 Fortress
36:15 Workshop
36:16 Workshop
37:07 Watch Tower
37:08 Watch Tower
37:10 Watch Tower
37:21 Watch Tower
37:25 Watch Tower
37:31 Watch Tower
37:39 Watch Tower
37:48 Watch Tower
41:04 Scout Tower
41:05 Scout Tower
41:11 Scout Tower
41:37 Guard Tower
41:38 Guard Tower
41:38 Guard Tower
41:38 Guard Tower
41:39 Guard Tower
41:39 Guard Tower
41:39 Guard Tower
41:54 Guard Tower
42:07 Guard Tower
42:08 Guard Tower
42:08 Guard Tower
42:08 Guard Tower
47:28 Scout Tower
47:29 Scout Tower
47:30 Scout Tower
47:32 Scout Tower
47:34 Scout Tower
47:41 Scout Tower
47:42 Scout Tower
47:43 Scout Tower
47:44 Scout Tower
47:46 Scout Tower
48:44 Arcane Tower
48:44 Arcane Tower
48:44 Arcane Tower
48:45 Arcane Tower
48:45 Arcane Tower
48:45 Arcane Tower
48:45 Arcane Tower
48:46 Arcane Tower
48:46 Arcane Tower
48:46 Arcane Tower
48:47 Arcane Tower
48:47 Arcane Tower
48:47 Arcane Tower
66:01 Altar of Kings
71:19 Lumber Mill
96:17 Great Hall
96:28 War Mill
96:37 Altar of Storms
97:53 Orc Burrow
100:13 Great Hall
102:43 Great Hall
103:15 Great Hall
103:49 Great Hall
» items
| Scroll of Regeneration | 21 | |
| Potion of Healing | 4 | |
| Potion of Invisibility | 5 | |
| Lesser Clarity Potion | 12 | |
| Scroll of Town Portal | 7 | |
| Boots of Speed | 1 | |
| Staff of Teleportation | 1 | |
| Ivory Tower | 4 | |
| Potion of Mana | 1 | |
| Potion of Lesser Invulnerability | 2 | |
58 total
M_14 (
orange | 36 APM | 1026 actions | 28:19)
7 Blademaster
2 Wind Walk
3 Critical Strike
1 Bladestorm
1 Mirror Image
2 Shadow Hunter
1 Healing Wave
1 Hex
» actions
| Assign group hotkey | 16 | |
| Basic commands | 1 | |
| Build / train | 79 | |
| ESC pressed | 5 | |
| Enter build submenu | 41 | |
| Enter hero's abilities submenu | 9 | |
| Remove unit from queue | 1 | |
| Right click | 324 | |
| Select / deselect | 249 | |
| Select group hotkey | 219 | |
| Use ability | 82 | |
1026 total
» units
| Peon | 21 | |
| Grunt | 5 | |
| Shaman | 12 | |
| Troll Witch Doctor | 3 | |
| Wind Rider | 3 | |
| Troll Batrider | 6 | |
50 total
» upgrades
| Armor | 1 | |
| Berserker Strength | 1 | |
| Shaman Training | 2 | |
| Witch Doctor Training | 2 | |
| Envenomed Spears | 1 | |
| Reinforced Defenses | 1 | |
| Liquid Fire | 1 | |
9 total
» buildings
| Orc Burrow | 12 | |
| Altar of Storms | 1 | |
| Barracks | 1 | |
| War Mill | 1 | |
| Watch Tower | 13 | |
| Voodoo Lounge | 1 | |
| Stronghold | 1 | |
| Great Hall | 1 | |
| Fortress | 1 | |
| Spirit Lodge | 4 | |
| Beastiary | 2 | |
38 total
» build order
00:14 Orc Burrow
00:25 Altar of Storms
01:13 Barracks
01:37 Orc Burrow
02:09 War Mill
03:03 Orc Burrow
03:37 Watch Tower
04:23 Voodoo Lounge
04:50 Watch Tower
05:54 Stronghold
05:57 Orc Burrow
06:02 Watch Tower
07:08 Great Hall
07:27 Watch Tower
07:30 Watch Tower
07:39 Watch Tower
08:32 Watch Tower
08:39 Watch Tower
08:51 Fortress
08:57 Spirit Lodge
09:03 Spirit Lodge
10:12 Spirit Lodge
10:16 Spirit Lodge
10:22 Beastiary
15:19 Orc Burrow
15:21 Orc Burrow
16:27 Orc Burrow
16:33 Orc Burrow
17:45 Orc Burrow
17:50 Beastiary
18:51 Orc Burrow
19:52 Orc Burrow
20:58 Orc Burrow
23:46 Watch Tower
27:30 Watch Tower
27:32 Watch Tower
27:35 Watch Tower
27:38 Watch Tower
» items
| Healing Salve | 2 | |
| Scroll of Regeneration | 1 | |
| Potion of Healing | 1 | |
| Orb of Lightning | 1 | |
| Lesser Clarity Potion | 1 | |
6 total
Chat log
(00:09 / 8) KINGDJMONKEY: he's yellow?
(00:17 / All) redrocket489: grab yo gat
(00:20 / All) redrocket489: call yo click
(00:23 / 9) Miser: yeah
(00:38 / All) pen1softhenorth: HOW DO I SAVE MY CHARACTER SO I DONT HAVE TO LEVEL IT UP AGAIN NEXT GAME????????????????????
(00:44 / 8) KINGDJMONKEY: every game lawl
(00:46 / All) redrocket489: alt qq
(00:55 / All) redrocket489: hold alt
(00:55 / All) pen1softhenorth: I ALREADY TRIED THAT IT DIDNT WORK
(00:58 / All) redrocket489: then press qq
(01:00 / All) redrocket489: try again
(01:04 / All) pen1softhenorth: IT JUST MADE ALL MY BUILDINGS AND UNITS INVULNERABLE
(01:11 / All) pen1softhenorth: AND MADE MY ENEMIES SAY THAT I WAS HACKING
(01:17 / All) redrocket489: ok yellow went full retard
(01:20 / 9) Miser: Don't go BM first this game imo, it's suspicious
(01:24 / All) redrocket489: you never go full retard
(01:30 / All) M_14: lol
(01:33 / 9) Miser: oh right you're orc nvm
(01:33 / 8) KINGDJMONKEY: k
(01:36 / 8) KINGDJMONKEY: oh
(01:37 / 8) KINGDJMONKEY: k
(01:38 / All) pen1softhenorth: DUDE 2011 CALLED THEY WANT THEIR MEME BACK
(01:38 / 8) KINGDJMONKEY: lawl
(01:45 / All) i-kill-orange: notice only ur team is lol at ur jokes
(01:48 / All) M_14: its all fun and games until you go full retard
(01:49 / 8) KINGDJMONKEY: yeah blood mage would be way too obv
(01:54 / All) redrocket489: haha you have the retard
(02:00 / All) redrocket489: all caps constantly
(02:09 / All) pen1softhenorth: ALL CAPS ARE CRUISE CONTRL FOR COOL
(02:11 / All) apasttime: falling for a obvious troll
(02:20 / 9) Miser: Top left outside
(02:23 / All) redrocket489: haha
(02:29 / All) redrocket489: you act like i got pissed at him
(02:30 / All) apasttime: you should be ashamed
(02:48 / All) redrocket489: ok im ashamed your giht
(02:49 / All) redrocket489: right
(04:05 / All) pen1softhenorth: GUYS WHO HAS MORE CHINS? JAY WILSON OR A CHINESE PHONEBOOK
(05:10 / 8) KINGDJMONKEY: I got bottom expo
(05:13 / 8) KINGDJMONKEY: I am bottom inside
(05:16 / 9) Miser: top left expo is mine
(05:52 / Allies) i-kill-orange: since u took my expand teal
(05:55 / Allies) i-kill-orange: help me clear mine
(06:05 / Allies) pen1softhenorth: HELP? IN A TEAM GAME? HAHAHAHAHAHAHAHAHA
(06:08 / Allies) apasttime: that was yours?
(06:11 / 8) KINGDJMONKEY: tell your team about teelos expo top
(06:25 / 8) KINGDJMONKEY: does your team have expos
(06:31 / 9) Miser: bot left is UD expo
(06:32 / Allies) apasttime: i meant i didnt know you were going for it
(06:45 / Allies) i-kill-orange: well was closest to my base lol
(06:48 / 9) Miser: how should I tell them without sounding like a mher?
(06:51 / Allies) apasttime: and mine?
(07:01 / Allies) i-kill-orange: but witch is closer 2 u
(09:46 / Allies) apasttime: ._.
(10:40 / 8) KINGDJMONKEY: teelo didn';t say shit about you
(12:12 / 8) KINGDJMONKEY: teelo is a faggot
(12:23 / 9) Miser: told teelo to kill the wyvs, if he does backstab him with a good excuse that he is a bser
(13:56 / Allies) i-kill-orange: second
(13:59 / Allies) i-kill-orange: let me get nuke breatrh
(14:59 / Allies) apasttime: that was close
(15:12 / Allies) KINGDJMONKEY: GUYS HIT ORANGE HE IS ON HIS LAST LEGS
(15:22 / Allies) apasttime: uhh
(15:23 / Allies) KINGDJMONKEY: tell him to stop attacking now
(15:26 / Allies) apasttime: thanks yellow?
(15:31 / Allies) pen1softhenorth: youre feeding xp to those bats
(15:32 / Allies) pen1softhenorth: moron
(15:43 / Allies) apasttime: you mean the ones that werent there?
(15:50 / Allies) pen1softhenorth: the ones he is making, yes
(15:51 / Allies) apasttime: thats why i stayed back first
(16:09 / 8) KINGDJMONKEY: this is not good lawl, he is mass wyvs red is bats
(16:28 / 9) Miser: want me to get hawks?
(16:38 / 8) KINGDJMONKEY: yeah
(18:18 / Allies) KINGDJMONKEY: going to help us yellow?
(18:26 / Allies) pen1softhenorth: when you're ready
(18:34 / Allies) i-kill-orange: we been ready?
(18:42 / Allies) pen1softhenorth: its called speaking english to your team
(18:44 / Allies) KINGDJMONKEY: kill orange he's on last legs, and then blue the fiend masser
(18:59 / Allies) i-kill-orange: t
(19:01 / Allies) i-kill-orange: tp plz
(19:02 / Allies) pen1softhenorth: hit bot left expo
(19:51 / Allies) i-kill-orange: man wtf is that yellow
(20:14 / Allies) pen1softhenorth: its defense
(20:48 / 8) KINGDJMONKEY: tell your team to hit top back base
(20:57 / 8) KINGDJMONKEY: teelo is too strong hasn't been hit at all
(21:32 / 9) Miser: we are hitting, told them to hit his expo
(21:51 / 8) KINGDJMONKEY: nice :)
(21:54 / 9) Miser: DAT WEB
(22:30 / Allies) apasttime: need wood if someone can spare
(23:02 / Allies) apasttime: ty
(23:18 / 8) KINGDJMONKEY: stress that you need to take out the hippos
(23:23 / Allies) i-kill-orange: fyi if u guys just teleported 2 my base earlier
(23:27 / Allies) i-kill-orange: we would be winning
(23:40 / Allies) pen1softhenorth: Im not trying to win, I'm trying to make this a stalemate.
(24:05 / 8) KINGDJMONKEY: he only has 400 gold
(24:17 / 8) KINGDJMONKEY: tell them that if they can get his expansion he is dead
(24:41 / All) PapaSmurfEatU: gg pink blows
(24:49 / All) pen1softhenorth: pinks better than you
(25:07 / Allies) apasttime: he was pretty annoying
(26:36 / All) redrocket489: pink has 12k gold
(26:37 / 8) KINGDJMONKEY: I think teelo is looking to make designs on me so I'm quickly massing wyvs
(26:38 / All) redrocket489: gg
(26:44 / All) pen1softhenorth: I have 14k
(26:45 / All) pen1softhenorth: your point?
(26:50 / All) redrocket489: haha so you both suck
(26:54 / All) i-kill-orange: u have 200 gold lol
(26:55 / 8) KINGDJMONKEY: damnit I just killed off my bats 10 seconds before blue came
(27:08 / 8) KINGDJMONKEY: tell teelo to hit blue
(28:10 / All) redrocket489: gg
(29:09 / All) pen1softhenorth: hey blue wheres your base
(29:12 / All) pen1softhenorth: who sucks agian?
(29:27 / All) i-kill-orange: hey yellow whos dead who sucks again
(30:19 / Allies) KINGDJMONKEY: yellow is tk guys
(30:21 / 9) Miser: he is pleading for help, I said I'm omw
(30:27 / Allies) pen1softhenorth: considering you tk'ed me first
(30:28 / Allies) i-kill-orange: ik lol
(30:39 / Allies) KINGDJMONKEY: you tked teal earlier
(30:48 / 8) KINGDJMONKEY: get me lawl
(31:31 / 9) Miser: tp staff
(31:40 / 8) KINGDJMONKEY: how should we do this
(31:46 / 9) Miser: not sure
(31:48 / 8) KINGDJMONKEY: should I "kill you"
(31:57 / 9) Miser: that might be the best idea
(32:00 / 9) Miser: I could use my allies
(32:01 / 8) KINGDJMONKEY: only way
(32:08 / 8) KINGDJMONKEY: we'll have a struggle
(32:10 / 9) Miser: and you say you hit me because I am the only one left, and you want me to elave for the win
(32:17 / Allies) i-kill-orange: units
(32:24 / 8) KINGDJMONKEY: get teelo to leave and then I kill my team
(32:40 / 9) Miser: you want me to kill him outright? I thought we'd be subtle
(32:50 / 8) KINGDJMONKEY: no I mean he will be frustrated
(32:53 / 8) KINGDJMONKEY: because you "can't win"
(33:16 / Allies) KINGDJMONKEY: we gotta kill yellow fast guys
(33:24 / Allies) KINGDJMONKEY: we can't have him helping the other team
(33:37 / 9) Miser: he asked why my ally didn't detonate the bats LOL
(33:38 / Allies) apasttime: hes not really helpuing them
(33:43 / Allies) apasttime: youre just pissing him off
(33:45 / 8) KINGDJMONKEY: lawl
(33:50 / Allies) apasttime: and he wants to make you mad
(33:59 / Allies) KINGDJMONKEY: he killed your stuff earlier
(34:02 / Allies) KINGDJMONKEY: ive seen this before
(34:08 / Allies) apasttime: like 3 wyvs
(34:13 / Allies) KINGDJMONKEY: hes probably friends with otehr team
(35:05 / 8) KINGDJMONKEY: what's he saying about "green"
(35:29 / Allies) KINGDJMONKEY: k
(35:29 / 9) Miser: He said he has nothing and no hero to sell items, that green killed him, he can do nothing about it, he has no gold to rebuild
(35:40 / 8) KINGDJMONKEY: perfect
(35:46 / 9) Miser: wants me to stop purple's expos
(35:53 / 8) KINGDJMONKEY: do that
(35:55 / 8) KINGDJMONKEY: so he can't rebuild
(36:05 / Allies) i-kill-orange: :(
(36:15 / Allies) pen1softhenorth: thats what happens when you kill my stuff
(36:22 / Allies) pen1softhenorth: no expo for you!
(36:23 / Allies) i-kill-orange: nah
(36:27 / Allies) i-kill-orange: we won
(36:46 / Allies) i-kill-orange: im glad u tken ass is dead
(37:03 / Allies) KINGDJMONKEY: guys he is probably telling them where we expand
(38:44 / 8) KINGDJMONKEY: teal level 10 lawl
(38:55 / 8) KINGDJMONKEY: have a battle with us
(38:57 / Allies) i-kill-orange: gold plz green
(38:59 / Allies) i-kill-orange: i can mass hippos
(39:03 / 9) Miser: your bats will rape me
(39:17 / 8) KINGDJMONKEY: i'll seperate from teal then you can net him if you have
(39:42 / 8) KINGDJMONKEY: teal has expansion middle oru side
(41:04 / Allies) i-kill-orange: yellow ur such a smuck
(41:05 / Allies) KINGDJMONKEY: wait a second i gotta make a bottle for my kid
(41:29 / 8) KINGDJMONKEY: I told them that "i had to make a bottle for my kid"
(41:41 / 9) Miser: lol
(41:44 / 8) KINGDJMONKEY: teal has 3k and middle right expo
(41:49 / 8) KINGDJMONKEY: i am in mana fountain center
(41:53 / 9) Miser: teelo told me, gonna hit it
(42:34 / 9) Miser: teelo's hippo died he is mad
(42:48 / 8) KINGDJMONKEY: he has nothing for some reason
(42:50 / 8) KINGDJMONKEY: 3.5k
(43:33 / 8) KINGDJMONKEY: you only have to contest with teal
(43:46 / 9) Miser: good, I'll make 1 round of gryphons and finish him
(43:49 / 8) KINGDJMONKEY: purple doesn't have squat
(44:02 / 8) KINGDJMONKEY: teal is sitting on his 3.5k for some reason
(44:54 / 8) KINGDJMONKEY: teal is making expansion top right corner
(44:56 / 8) KINGDJMONKEY: just now
(44:59 / 8) KINGDJMONKEY: i have towers that way
(45:02 / 8) KINGDJMONKEY: i took the outside expansion top
(45:28 / 8) KINGDJMONKEY: he didn't spend about 1600 on bats and now he's fucked
(45:54 / 8) KINGDJMONKEY: he just wasted 1.5k on repairs I guess
(46:23 / Allies) i-kill-orange: he could of atleast given control
(46:24 / Allies) i-kill-orange: jesus
(46:35 / 8) KINGDJMONKEY: lol at purple
(46:40 / 8) KINGDJMONKEY: "h ecould ahve at least given control jesus"
(46:50 / 8) KINGDJMONKEY: his hero coming back
(47:00 / 8) KINGDJMONKEY: he didn't go to yellows wells for some reason
(47:41 / 8) KINGDJMONKEY: purple got his hero
(47:45 / 8) KINGDJMONKEY: I guess teal gave him gold
(48:08 / 8) KINGDJMONKEY: invis harass his expand top right corner
(48:16 / 8) KINGDJMONKEY: i think they're hitting orange's old base
(48:22 / 8) KINGDJMONKEY: or oyur left mid expo
(48:24 / 9) Miser: alright, I got invisiarmy
(48:42 / 8) KINGDJMONKEY: purple is expanding mid right
(49:14 / Allies) apasttime: you should probably get a tp or soemthing
(49:21 / Allies) i-kill-orange: no point\
(49:22 / Allies) i-kill-orange: no gold
(50:14 / 8) KINGDJMONKEY: did teelo tell you about my wyverns that are sitting ducks
(50:20 / 9) Miser: no
(50:40 / 8) KINGDJMONKEY: I was gonna say ensnare them but we need teelo to leave
(50:47 / 9) Miser: gonna invisinuke the heroes tps taff them
(51:04 / 9) Miser: tp styaff
(51:06 / 8) KINGDJMONKEY: i'll have to do a quick 1 seco ne
(51:21 / 9) Miser: banish fucked it, damn
(51:36 / 8) KINGDJMONKEY: I don't think banish canceled it
(51:43 / 8) KINGDJMONKEY: I moved to withdraw suspicion
(52:00 / Allies) i-kill-orange: does it really fucking take this long to fix a bottle
(52:03 / 8) KINGDJMONKEY: also can't be obvious we're working together
(52:10 / 8) KINGDJMONKEY: lol at purple
(52:17 / 9) Miser: "green is AFK LOL"
(52:17 / 8) KINGDJMONKEY: "does it really fucking take this long to fix a bottle"
(52:21 / Allies) apasttime: games kinda over
(52:30 / 8) KINGDJMONKEY: purple is making hippos
(52:31 / Allies) apasttime: pink probably has a good 20k or so banked
(52:33 / 8) KINGDJMONKEY: mid right expo
(52:36 / 8) KINGDJMONKEY: he has 6 hippos now
(52:38 / Allies) i-kill-orange: nope
(52:42 / Allies) apasttime: he just has to not die and he wins
(52:45 / Allies) pen1softhenorth: then give me your gold and I'll win this for you
(53:08 / 8) KINGDJMONKEY: teelo trying to sneak his way back in their good graces
(53:12 / Allies) apasttime: you dont have any wisps ._.
(53:25 / Allies) pen1softhenorth: yes I do, just give me your gold and I'll win this
(53:40 / 8) KINGDJMONKEY: if you can kill the dk I'll unafk myself
(53:47 / 8) KINGDJMONKEY: then we only need to work about teal's hero
(53:52 / 8) KINGDJMONKEY: we can get teelo to leave then I kill teal
(53:57 / Allies) apasttime: kinda sketch really
(53:57 / 8) KINGDJMONKEY: oooo
(54:00 / 8) KINGDJMONKEY: only 200 hps
(54:02 / 8) KINGDJMONKEY: less than
(54:07 / 9) Miser: that would have been sick as shit if I killed it
(54:16 / 8) KINGDJMONKEY: i think he's moving his tree to top right corner
(54:23 / Allies) i-kill-orange: i could of used those fucking nets teal
(54:41 / 9) Miser: "lol my team thinks i have no wisps ive got ONE"
(54:45 / Allies) apasttime: sorry i havent really been watching
(54:58 / Allies) apasttime: watching IM vs MVP atm
(55:00 / 8) KINGDJMONKEY: his hero is same spot
(55:09 / 8) KINGDJMONKEY: at tavern chasing teelos wisp lol
(55:16 / 8) KINGDJMONKEY: teelo no wisps now lawl
(55:22 / Allies) pen1softhenorth: lol took you long enough to find it
(55:36 / 8) KINGDJMONKEY: he's a little north right of the tavern
(55:39 / Allies) pen1softhenorth: you're not going to win this unless you give me your gold
(55:40 / 8) KINGDJMONKEY: I'm going to "return"
(55:44 / 8) KINGDJMONKEY: none of them use teelos wells
(55:50 / Allies) KINGDJMONKEY: hey guys sorry
(55:57 / Allies) i-kill-orange: teak
(55:58 / Allies) KINGDJMONKEY: had to do a lot of other stuff glad to see we're still alive
(55:59 / Allies) i-kill-orange: teal
(56:02 / Allies) i-kill-orange: pass me ur gold
(56:06 / 8) KINGDJMONKEY: I'm "back"
(56:22 / 8) KINGDJMONKEY: we're gonna hit your drained expo
(56:32 / Allies) apasttime: noting there really
(56:34 / 8) KINGDJMONKEY: purple walked his tree north right
(57:09 / Allies) i-kill-orange: goild me green
(57:22 / Allies) pen1softhenorth: gold me green
(57:27 / 8) KINGDJMONKEY: I gave purple 100 gold
(57:30 / Allies) i-kill-orange: 100 fucken gold
(57:33 / Allies) i-kill-orange: when u have 15k
(57:50 / Allies) KINGDJMONKEY: you have an expo bro
(57:59 / Allies) i-kill-orange: no i fucken dont
(58:03 / Allies) KINGDJMONKEY: earthquake that
(58:07 / Allies) i-kill-orange: it has 1k gold in it
(58:23 / Allies) i-kill-orange: greedy fuck
(58:41 / 8) KINGDJMONKEY: battle me and I will tp
(58:56 / Allies) apasttime: mid is pink
(58:59 / 8) KINGDJMONKEY: come ensnare me and I'll tp
(59:01 / Allies) apasttime: you can probably kill him
(59:22 / 8) KINGDJMONKEY: tell teelo yo ucan't win
(59:34 / 8) KINGDJMONKEY: you there?
(60:15 / 8) KINGDJMONKEY: hello?
(60:57 / Allies) apasttime: green just kill pinks army
(60:57 / 8) KINGDJMONKEY: I'm going to kill your stuff and hope teelo leaves
(61:00 / Allies) apasttime: hes probably afk
(62:07 / Allies) i-kill-orange: no gold mines on the map
(62:32 / 8) KINGDJMONKEY: why wont teel oleave
(62:53 / Allies) KINGDJMONKEY: wtf purple
(63:17 / Allies) apasttime: aww
(64:12 / Allies) i-kill-orange: should of been watching out for u not yellow
(64:20 / Allies) pen1softhenorth: now don't you feel stupid
(64:56 / All) i-kill-orange: leave pink
(65:03 / All) pen1softhenorth: leave purp
(65:46 / 9) Miser: was AFK for a minute someone was at door, back
(65:55 / 8) KINGDJMONKEY: k I'm bsing lawl
(65:58 / 9) Miser: Was it you that killed my shit?
(66:01 / Allies) i-kill-orange: u would of done the same thing yellow
(66:09 / 8) KINGDJMONKEY: yeah I said I was going to in hopes teelo would leave
(66:14 / Allies) pen1softhenorth: which is?
(66:14 / 8) KINGDJMONKEY: because I needed to start bsing quickly
(66:18 / 9) Miser: good
(66:20 / Allies) i-kill-orange: killing us
(66:24 / Allies) i-kill-orange: after u were done killing them
(66:26 / Allies) pen1softhenorth: says who
(66:33 / Allies) i-kill-orange: u would of
(66:41 / Allies) pen1softhenorth: lern 2 spel
(66:48 / Allies) i-kill-orange: stfu
(66:58 / Allies) i-kill-orange: like u know how to spell*
(67:02 / All) Miser: wtf there's a bser
(67:11 / All) Miser: who does he think he is, us? lol What a wannabe
(68:18 / 9) Miser: "i think green is one of your friends, and you'd just not told me"
(68:23 / 9) Miser: shit lawl what should I say?
(68:34 / Allies) i-kill-orange: rofl
(68:37 / Allies) i-kill-orange: ur a uselfull fuck
(68:40 / 8) KINGDJMONKEY: Idk lawl
(68:42 / Allies) i-kill-orange: useless
(68:46 / 8) KINGDJMONKEY: wait let's try to think of soemthing
(69:00 / Allies) i-kill-orange: ur a low life scum bag
(69:08 / 8) KINGDJMONKEY: say you swear you don't know me
(69:19 / 9) Miser: told him you and jake are offline so it couldn't have happened, and that he'd have to be in channel nigger
(69:20 / Allies) i-kill-orange: cant win without killing ur teamates
(69:25 / 9) Miser: and that it is probably just a coincidence if it's them
(69:36 / Allies) i-kill-orange: im goin 2 bed dont have time for this bs
(69:44 / 8) KINGDJMONKEY: i think he can see me online even tho he has me blocekd hopefully he deleted me
(69:57 / 9) Miser: I think you have to delete someone to block them
(70:11 / 9) Miser: gonna hit your expos and shit to avoid suspicion
(70:16 / 8) KINGDJMONKEY: yeah
(70:16 / All) Miser: what is your aka green?
(70:23 / 9) Miser: asnwer with something made up
(70:31 / All) KINGDJMONKEY: jerseyshorekid
(70:44 / All) Miser: never heard of you
(70:49 / All) pen1softhenorth: neither
(70:49 / All) i-kill-orange: he dont have an aka
(70:52 / All) i-kill-orange: his a noob fuc
(71:42 / 8) KINGDJMONKEY: gonna attack you
(71:50 / 9) Miser: he told me
(72:30 / All) i-kill-orange: what kind of sad peice of shit has to kill his team and thinks his good
(72:36 / All) Miser: i know
(72:42 / All) Miser: fucking piece of shit
(72:47 / All) pen1softhenorth: yeah its pathetic
(73:09 / All) i-kill-orange: from now on im tking king
(73:20 / All) pen1softhenorth: hes on a smurf you wont see him again
(73:26 / 9) Miser: got my peon stuck in trees intentionally, just noticed right after I made something and kept it that way instead of cancelling
(73:30 / All) Miser: you are on my shit list now faggot
(73:39 / All) KINGDJMONKEY: me?
(73:42 / All) KINGDJMONKEY: fuck u
(73:44 / All) Miser: yes
(73:54 / All) Miser: I bet you have like 30 apm max
(74:00 / All) pen1softhenorth: try 14
(74:18 / All) Miser: would have raped him if I didn't go afk to answer the fucking door
(74:45 / All) KINGDJMONKEY: it was me at your door
(74:54 / All) Miser: lol
(74:57 / All) KINGDJMONKEY: you said welcome home dad
(75:05 / 9) Miser: dont be too creative with shit talking that is your style usually
(75:08 / 8) KINGDJMONKEY: lawl
(75:40 / All) pen1softhenorth: brucewillisusa?
(75:51 / All) Miser: ?
(75:56 / All) KINGDJMONKEY: hes the best action star
(76:12 / 9) Miser: "trying to guess who he is" "possibly sc2.no.wc3yes"
(76:17 / 8) KINGDJMONKEY: lawl
(76:30 / All) i-kill-orange: pink why do u make us stay here with this prick
(76:33 / 9) Miser: gonna kill all of my buildings or kill yours to try to make him leave?
(76:39 / 8) KINGDJMONKEY: my team has to leave
(76:46 / All) pen1softhenorth: just leave purp you'll still get the win
(76:48 / 8) KINGDJMONKEY: I'm gonna go "afk" again
(77:00 / 8) KINGDJMONKEY: just don't kill my burrows and roosts
(77:04 / 9) Miser: good, hopefully it makes them leave
(77:04 / 8) KINGDJMONKEY: but do damage to my base
(77:12 / 9) Miser: kk doubt I could if I wanted to anyway with 1 hero
(77:18 / Allies) KINGDJMONKEY: ill be back
(77:34 / Allies) KINGDJMONKEY: dont any of you children leave me
(77:45 / Allies) KINGDJMONKEY: your all special in my heart
(77:52 / Allies) KINGDJMONKEY: ill kill this faggot when i get back
(78:19 / 8) KINGDJMONKEY: i'll leave ojs towers
(78:44 / 8) KINGDJMONKEY: waht kind of shit is teelo saying
(78:59 / 9) Miser: been quoting it "pies and ghetto dont go around stabbing like this"
(79:12 / 9) Miser: "dont know about sc2 though don't think it's him"
(79:24 / 8) KINGDJMONKEY: I tried to use poor English
(79:44 / 9) Miser: did he believe it or not subtle enough?
(79:59 / 8) KINGDJMONKEY: he clearly must doubt it's me if he did think so at first
(80:00 / All) i-kill-orange: sad part is we could of won without green
(80:06 / 8) KINGDJMONKEY: since he's naming off these fags
(80:14 / All) Miser: I would have raped him if I didn't go AFK
(80:21 / All) i-kill-orange: Sure
(80:26 / All) Miser: fucking jehova's witnesses
(80:51 / 8) KINGDJMONKEY: this game played out pretty perfectly
(80:54 / All) Miser: "Do not judge, or you too will be judged." Matthew 7:1 These jehova's idiots never even read the bible lol
(80:55 / 8) KINGDJMONKEY: except teelo won't leave
(80:58 / 9) Miser: yes
(81:21 / 9) Miser: could make it a standoff or something but then that raises suspicious more, not many stabbers do that
(81:42 / All) Miser: you gonna move your wyverns retard?
(81:50 / 9) Miser: "it could be bear_and"
(81:50 / All) pen1softhenorth: I think he is bear_and
(81:59 / All) pen1softhenorth: if that really is bear_and, omg its an honour to be in a game with him
(82:00 / All) Miser: do you know of a site called highperch green?
(82:10 / All) pen1softhenorth: highper.ch
(82:31 / All) Miser: an honour to be playing with you if it is you
(83:20 / Allies) pen1softhenorth: purp if you want to win, give me your gold
(83:30 / Allies) i-kill-orange: i dont even have gold
(83:55 / 9) Miser: when should we upload if ever?
(84:02 / 8) KINGDJMONKEY: after teelo fines out
(84:22 / 8) KINGDJMONKEY: finds
(84:43 / 8) KINGDJMONKEY: when the jig is up is when we upload them, save them teelofooled1 and so on
(84:58 / 9) Miser: "lol just 8 wyvs on hold position"
(85:26 / 9) Miser: "lol purp just sent me his gold he had 493 and i need 510 to make a hero" "ill make a chim :P"
(85:39 / All) pen1softhenorth: ty purp, you did the right thing
(85:49 / 9) Miser: do you know if /r is saved in replays? a shame if I didn't get all the teelo-chat
(85:59 / 8) KINGDJMONKEY: i'll "come back" after he starts attacking shit I want to not be attacked
(86:01 / Allies) i-kill-orange: teal give him ur gold
(86:06 / Allies) i-kill-orange: not like it matters
(86:10 / Allies) pen1softhenorth: lol teals been afk for ages
(86:11 / 9) Miser: can say your speakers alarmed you lol
(86:13 / 8) KINGDJMONKEY: no you have to screenshot it
(86:19 / 8) KINGDJMONKEY: /r is whisper
(86:20 / 9) Miser: damn
(86:40 / 8) KINGDJMONKEY: teelo is precious
(86:47 / 8) KINGDJMONKEY: he made a chim is attack my towers up north
(87:13 / 8) KINGDJMONKEY: I could do standoff
(87:15 / 8) KINGDJMONKEY: but
(87:19 / 8) KINGDJMONKEY: not call it that
(87:27 / 9) Miser: "trying to get rid of his wyvs and we could make a standoff" "wait no nvm lol"
(87:30 / 8) KINGDJMONKEY: if that's what you want
(87:50 / 9) Miser: it would be suspicious as not many stabbers do that, not sure
(88:08 / 8) KINGDJMONKEY: i don't think it's that suspicious
(88:10 / Allies) i-kill-orange: why dont u take out there shit
(88:14 / 9) Miser: screenshoted as much teelo-chat as I could but chat log only goes back so far, to about when he told me to focus wyvs with towe
(88:15 / 9) Miser: rs
(88:18 / Allies) i-kill-orange: they only have like 5 things
(88:18 / 8) KINGDJMONKEY: only if I start telling them what I'm doing
(88:27 / 8) KINGDJMONKEY: i could just do it and say "see ya faggots"
(88:29 / Allies) pen1softhenorth: because if thats what I wanted to do, I'd just ask pink to leave
(88:32 / Allies) pen1softhenorth: its a matter of pride
(88:34 / 9) Miser: alright go ahead but no "rule explaining" as only we do that
(88:42 / 9) Miser: save my hero till last so it looks like we've got it
(89:06 / 8) KINGDJMONKEY: going to return in 20 seconds
(89:13 / Allies) apasttime: I'm back, just read the chat
(89:16 / Allies) apasttime: good stuff
(89:22 / Allies) pen1softhenorth: talk in /all
(89:28 / All) apasttime: whoops
(89:38 / All) apasttime: so do you two REALLY not know green?
(89:40 / Allies) KINGDJMONKEY: how'd he get a chim
(89:49 / All) pen1softhenorth: i think hes either sc2no or bearand
(89:50 / All) Miser: it's bear_and i think
(89:55 / All) apasttime: I thought it was a elaborate troll scheme
(90:07 / All) Miser: bear_and is a master troll and really good at wc3
(90:07 / All) apasttime: really?
(90:08 / 8) KINGDJMONKEY: teal is right!
(90:24 / 9) Miser: lol
(90:47 / All) apasttime: well color me disappointed
(90:51 / 9) Miser: if he finds out maybe we should post on the forums for lulz when I put the screenshots together
(90:54 / All) apasttime: I thought there were 3
(91:01 / All) apasttime: and then green was lying in wait to strike
(91:06 / All) pen1softhenorth: nope me and pink are together here to stab, dunno who green is
(91:36 / All) apasttime: damn, if green was part of it that wouldve been some epic trolling
(91:38 / All) Miser: yellow is teelo, he and I were going to stab this game but i went afk and green beat us to it
(91:42 / All) apasttime: got me excited there
(91:55 / 9) Miser: ahahahaha, poor teal doesn't know :(
(92:02 / All) pen1softhenorth: pink is flamechamp, we were going to stab but purple beat me to it
(92:05 / All) apasttime: a
(92:06 / 9) Miser: we should inform him if that's his main account later
(92:07 / All) apasttime: ah*
(92:13 / 8) KINGDJMONKEY: yeah
(92:22 / All) pen1softhenorth: if you want to blame anyone, blame purple for killing my stuff
(92:23 / All) Miser: I'm Rod Serling, creator of the twilight zone
(92:27 / 9) Miser: he thought I was flamechamp LOL
(92:30 / All) apasttime: looks like green wins in the end
(92:39 / 8) KINGDJMONKEY: I think he's being "funny
(92:41 / 8) KINGDJMONKEY: "
(92:58 / All) pen1softhenorth: lol the fuck you are the creator of twilight
(92:59 / 9) Miser: how so, trying to reverse-troll us?
(93:07 / All) Miser: Twilight ZONE
(93:07 / All) apasttime: now i really with is was a triple troll scheme, that would make my day
(93:17 / All) apasttime: wish it*
(93:22 / 8) KINGDJMONKEY: that's his humor
(93:26 / All) pen1softhenorth: meh just check highper.ch later, I'll be uploading the replay
(93:27 / All) apasttime: new keyboard = i suck at typoing now
(93:34 / All) apasttime: typing* gah
(93:42 / All) Miser: don't upload this not worth it, failed stabs are gay to upload
(93:43 / All) pen1softhenorth: teelosdomain.net
(93:51 / All) pen1softhenorth: allright
(93:53 / 8) KINGDJMONKEY: he can upload
(93:56 / 8) KINGDJMONKEY: it will be funny lawl
(93:57 / 9) Miser: if he uploads should I upload too?
(93:59 / 8) KINGDJMONKEY: no
(94:06 / 8) KINGDJMONKEY: not until he figures us out
(94:09 / All) apasttime: this was kinda meh
(94:12 / 8) KINGDJMONKEY: then we upload all of them
(94:12 / 9) Miser: He will get the most views and it won't have the private chat, so it will fool the perchers
(94:15 / 8) KINGDJMONKEY: and make a post on teh forum about it
(94:16 / All) pen1softhenorth: your fault for killing me teal
(94:18 / 8) KINGDJMONKEY: lawl
(94:21 / 8) KINGDJMONKEY: and I'll do a commentary
(94:22 / All) pen1softhenorth: give me your gold and we can win this
(94:30 / 9) Miser: kk, the forum post was a good idea. I mentiond it later
(94:36 / 9) Miser: audio commentary is triple the rapage
(94:43 / 9) Miser: I wonder how mad he will be
(94:44 / All) apasttime: did I really kill you? I dont even remember anymore lol
(94:53 / All) pen1softhenorth: you and purple did
(94:56 / All) Miser: yes I went AFK to talk to a jehova's witness at my door and all my shit was dead
(95:27 / All) apasttime: i left everyone alone, went after your hippos occasionally
(95:40 / All) apasttime: brb gonna go make dinner
(95:59 / 9) Miser: I wonder how the forumites will respond. Too bad that Darkness doesn't visit them anymore
(96:28 / Allies) i-kill-orange: well im gonna have fun reporting this to wc
(96:36 / All) apasttime: you do that purp
(96:36 / All) pen1softhenorth: who?
(96:39 / 8) KINGDJMONKEY: should I do a "standoff"
(96:50 / 9) Miser: yes
(97:07 / All) Miser: when I tech up, I will fucking rape you
(99:13 / All) Miser: I've never been in a standoff before. This is a first
(99:17 / All) pen1softhenorth: neither
(99:49 / All) i-kill-orange: it be nice if ur faggot asses would leave so we can enjoy another game
(100:59 / Allies) KINGDJMONKEY: alright now that that fags outta the way
(101:18 / 8) KINGDJMONKEY: what all do i need to kill to make it a standoff
(101:21 / 9) Miser: built the hall bot left if you want to kill it
(101:29 / 9) Miser: only have that and ojs towers
(102:47 / 8) KINGDJMONKEY: is that all
(102:57 / All) i-kill-orange: your all douch bags
(102:59 / 9) Miser: almost red has 1 food i didnt notice
(103:02 / All) pen1softhenorth: thanks I try
(103:03 / 9) Miser: top left his base
(103:30 / Allies) KINGDJMONKEY: persistant queer
(103:55 / Allies) pen1softhenorth: just give up green you're trying to setup a standoff with 2 people whose sole career is to setup standoffs, lol
(103:57 / 9) Miser: 0 food all around now
(104:47 / Allies) KINGDJMONKEY: why do you say that does he have a base hidde
(105:17 / Allies) pen1softhenorth: lets just say we know all the tricks and won't be playing your standoff
(105:31 / 8) KINGDJMONKEY: is he telling you to leave lawl
(105:36 / 9) Miser: I convinced him not to upload
(105:44 / 9) Miser: no
(105:47 / 8) KINGDJMONKEY: dang it would be funny if he's uploading these
(105:50 / 8) KINGDJMONKEY: then we reveal he was hoaxed
(105:52 / All) pen1softhenorth: hows the gold green? lol
(106:01 / All) Miser: OH SHIT almost killed both towers at once, 1 hp on one
(106:04 / All) Miser: would have been epic
(106:12 / 8) KINGDJMONKEY: lol
(106:32 / 9) Miser: I have no hidden base
(106:41 / 8) KINGDJMONKEY: I know lawl
(106:48 / 8) KINGDJMONKEY: I'm just trying to alieve suspicion from hiom
(106:52 / 8) KINGDJMONKEY: and say stupid shit
(106:56 / 9) Miser: I only have a 1 hp tower, almost killed both at once which would have been cool
(107:11 / 9) Miser: that's it
(107:31 / All) KINGDJMONKEY: good for me that you didn't
(107:44 / All) Miser: ?
(107:55 / 9) Miser: Is your side of the standoff done?
(108:03 / 8) KINGDJMONKEY: just about
(108:13 / 9) Miser: This will be amazing when we post on the forums, upload it, and see Teelo's delicious rage.
(108:18 / 8) KINGDJMONKEY: lawl
(108:21 / 9) Miser: Can't believe he thought I was Flamechamp
(108:24 / 8) KINGDJMONKEY: gonna make my exit
(108:35 / 9) Miser: should I leave after or no?
(108:37 / 9) Miser: I said I would
(108:37 / 8) KINGDJMONKEY: I think he knew you were rod but was being "funny"
(108:47 / 8) KINGDJMONKEY: shit lawl
(108:48 / 9) Miser: Possibly, teelo humour like you said
(108:59 / All) KINGDJMONKEY: see ya fags!